 Dungeon Crawl Stone Soup version 0.26-a0-490-gf8362a0c98 (webtiles) character file.

Game seed: 15434330471682233426

3110 BeastOfSaturn the Cleaver (level 9, -16/71 HPs)
             Began as a Demonspawn Fighter on Aug 2, 2020.
             Was an Initiate of Ashenzari.
             Demolished by an orc warrior
             ... wielding a +0 war axe
              (21 damage)
             ... on level 6 of the Dungeon on Aug 4, 2020.
             The game lasted 00:16:27 (5716 turns).

BeastOfSaturn the Cleaver (Demonspawn Fighter)      Turns: 5716, Time: 00:16:28

Health: -16/71     AC: 15    Str: 17    XL:     9   Next: 60%
Magic:  9/9        EV:  3    Int: 11    God:    Ashenzari [......]
Gold:   241        SH: 10    Dex: 14    Spells: 8/8 levels left

rFire    . . .     SeeInvis .   x - +2 hand axe (freeze)
rCold    + . .     Faith    .   c - +0 kite shield
rNeg     . . .     Spirit   .   u - +0 plate armour
rPois    .         Reflect  .   C - +0 helmet (curse)
rElec    .         Harm     .   D - scarf {repulsion}
rCorr    .                      y - +0 pair of gloves
MR       +....                  (boots unavailable)
Stlth    ..........             p - amulet of regeneration (curse)
HPRegen  0.61/turn              q - ring of protection from magic (curse)
MPRegen  0.11/turn              (no ring)

@: repel missiles
A: talons 3, iridescent scales 1, cold resistance 1, freezing cloud immunity
a: Curse Item, Renounce Religion


You were on level 6 of the Dungeon.
You worshipped Ashenzari.
Ashenzari was noncommittal.
You visited 1 branch of the dungeon, and saw 7 of its levels.

You collected 241 gold pieces.

Inventory:

Hand Weapons
 a - a +0 war axe
 x - a +2 hand axe of freezing (weapon)
Armour
 c - a +0 kite shield (worn)
 t - a +0 pair of boots
 u - a +0 plate armour (worn)
 y - a +0 pair of gloves (worn)
 C - a cursed +0 helmet (worn)
 D - a scarf of repulsion (worn)
Jewellery
 p - a cursed amulet of regeneration (around neck)
 q - a cursed ring of protection from magic (left hand)
 s - an uncursed amulet of the acrobat
Wands
 r - a wand of paralysis (18)
 w - a wand of random effects (20)
 G - a wand of iceblast (10)
Scrolls
 b - a scroll of magic mapping {unknown}
 e - 3 scrolls of identify
 f - 3 scrolls of enchant weapon {unknown}
 g - 3 scrolls of blinking {unknown}
 h - 2 scrolls of immolation {unknown}
 j - 2 scrolls of fear {unknown}
 m - 3 scrolls of noise
 o - a scroll of teleportation {unknown}
 v - 2 scrolls of fog {unknown}
 A - 2 scrolls of enchant armour {unknown}
 E - a scroll of acquirement {unknown}
 F - a scroll of brand weapon {unknown}
 H - a scroll of random uselessness {unknown}
Potions
 d - a potion of might
 i - 2 potions of curing
 k - a potion of mutation
 l - a potion of brilliance
 n - a potion of degeneration
 z - a potion of haste {unknown}
 B - a potion of heal wounds {unknown}


   Skills:
 * Level 6.4 Fighting
 * Level 9.5 Axes
 - Level 2.6 Armour
 + Level 0.1 Stealth
 * Level 6.9 Shields


You had 8 spell levels left.
You didn't know any spells.
Your spell library contained the following spells:

 Spells                   Type           Power        Failure   Level
 Magic Dart               Conj           #...         100%        1
 Summon Small Mammal      Summ           #...         100%        1
 Call Imp                 Summ           #.......     100%        2
 Searing Ray              Conj           #.....       100%        2
 Call Canine Familiar     Summ           #.......     100%        3
 Dazzling Flash           Conj/Hex       #.....       100%        3
 Summon Guardian Golem    Hex/Summ       #.......     100%        3
 Fulminant Prism          Conj/Hex       #.........   100%        4
 Iskenderun's Mystic Bla  Conj/Tloc      #.......     100%        4
 Summon Ice Beast         Ice/Summ       #.......     100%        4
 Summon Lightning Spire   Summ/Air       #.......     100%        4


Dungeon Overview and Level Annotations

Branches:
Dungeon (7/15)             Temple (0/1) D:6

Altars:
Ashenzari
Fedhas
Hepliaklqana
Trog
Wu Jian
Yredelemnul

Shops:
D:5 !:


Innate Abilities, Weirdness & Mutations

You have claws for feet.
You are partially covered in iridescent scales. (AC +2)
Your flesh is cold resistant. (rC+)
You are immune to freezing clouds.


Message History

Your kick misses the orc warrior.
The orc warrior is lightly wounded.
The orc warrior hits you with a +0 war axe.
* * * LOW HITPOINT WARNING * * *
You hit the orc warrior but do no damage.
Your kick misses the orc warrior.
The orc warrior is lightly wounded.
You slash the orc warrior! You freeze the orc warrior.
You claw the orc warrior.
The orc warrior is severely wounded.
The orc warrior hits you with a +0 war axe!
* * * LOW HITPOINT WARNING * * *
You closely miss the orc warrior.
The orc warrior is severely wounded.
The orc warrior hits you with a +0 war axe.
* * * LOW HITPOINT WARNING * * *
You barely miss the orc warrior. You claw the orc warrior.
The orc warrior is almost dead.
The orc warrior hits you with a +0 war axe!!
You die...

############ #..........#
#..........#
#######$(........#
......)..........# #####
##...).#.######## ....#
####...o)#.####.... ....#
.......@.#......... ....#
.........#.........
....#####.........#.........
..)...............##..#####
...........##.....###.##
..........
#########..#######.
......... .................
#.##..... #....###.#######.
#........ #....# #..#


You could see an orc warrior.

Vanquished Creatures
  Maggie (D:6)
  Grinder (D:4)
  An ice beast (D:6)
  3 phantoms
  An orc warrior (D:7)
  2 eyes of draining (D:3)
  An ogre (D:6)
  3 centaurs
  5 bullfrogs
  A water moccasin skeleton (D:6)
  2 scorpions
  9 killer bees (D:7)
  2 howler monkeys
  A wight (D:6)
  2 quasits
  3 orc priests
  A bullfrog skeleton (D:6)
  Jessica (D:2)
  A centaur skeleton (D:4)
  Terence (D:2)
  3 iguanas
  5 worker ants
  A hound zombie (D:7)
  2 worker ant zombies
  11 adders
  An ooze (D:3)
  2 adder zombies (D:6)
  2 adder skeletons
  4 worms
  3 dart slugs
  7 leopard geckos
  22 orcs
  10 giant cockroaches
  12 goblins
  12 hobgoblins
  4 jackals (D:4)
  2 quokkas
  2 ball pythons
  6 bats
  2 frilled lizards
  11 kobolds
  4 rats
170 creatures vanquished.

Notes
Turn   | Place    | Note
-------+----------+-------------------------------------------
     0 | D:1      | BeastOfSaturn the Demonspawn Fighter began the quest for
                  | the Orb.
     0 | D:1      | Reached XP level 1. HP: 18/18 MP: 1/1
   145 | D:1      | Reached skill level 2 in Axes
   145 | D:1      | Gained mutation: You are partially covered in iridescent
                  | scales. (AC +2) [demonic ancestry]
   145 | D:1      | Reached XP level 2. HP: 24/24 MP: 2/2
   690 | D:1      | Gained mutation: Your flesh is cold resistant. (rC+)
                  | [demonic ancestry]
   690 | D:1      | Reached XP level 3. HP: 19/29 MP: 3/3
  1369 | D:2      | Noticed Jessica
  1376 | D:2      | Killed Jessica
  1376 | D:2      | Reached skill level 3 in Axes
  1376 | D:2      | Reached XP level 4. HP: 18/35 MP: 4/4
  1890 | D:2      | Noticed Terence
  1909 | D:2      | Killed Terence
  1909 | D:2      | Reached XP level 5. HP: 28/42 MP: 5/5
  2477 | D:3      | Paralysed by an orc for 7 turns
  2484 | D:3      | Found a basalt altar of Yredelemnul.
  2505 | D:3      | Reached skill level 4 in Axes
  2506 | D:3      | Noticed an eye of draining
  2513 | D:3      | Killed an eye of draining
  2727 | D:3      | Gained mutation: You are immune to freezing clouds.
                  | [demonic ancestry]
  2727 | D:3      | Reached XP level 6. HP: 48/48 MP: 6/6
  2940 | D:3      | Found a bloodstained altar of Trog.
  2951 | D:3      | Reached skill level 5 in Axes
  3297 | D:4      | Gained mutation: You have sharp toenails. [demonic
                  | ancestry]
  3297 | D:4      | Reached XP level 7. HP: 29/55 MP: 7/7
  3426 | D:4      | Noticed Grinder
  3452 | D:4      | Reached skill level 6 in Axes
  3456 | D:4      | Killed Grinder
  3498 | D:4      | Upgraded the game from 0.26-a0-487-gbff1e92059 to
                  | 0.26-a0-490-gf8362a0c98
  3935 | D:5      | Entered Level 5 of the Dungeon
  3962 | D:5      | Gained mutation: You have razor-sharp toenails. [demonic
                  | ancestry]
  3962 | D:5      | Reached XP level 8. HP: 56/61 MP: 8/8
  3982 | D:5      | Found Eqasiro's Book Emporium.
  3993 | D:5      | Found Ugif's Distillery.
  4006 | D:5      | Reached skill level 5 in Fighting
  4020 | D:5      | You fall into a shaft and drop 2 floors!
  4034 | D:7      | Reached skill level 7 in Axes
  4429 | D:7      | Reached skill level 5 in Shields
  4664 | D:7      | Found a shattered altar of Ashenzari.
  4664 | D:7      | Found a blossoming altar of Fedhas.
  4669 | D:7      | Found a faded altar of an unknown god.
  4673 | D:7      | Found an ornate altar of the Wu Jian Council.
  4675 | D:7      | Found a faded altar of an unknown god.
  4685 | D:7      | Became a worshipper of Ashenzari the Shackled
  4792 | D:7      | Reached skill level 8 in Axes
  5223 | D:6      | Gained mutation: You have claws for feet. [demonic
                  | ancestry]
  5223 | D:6      | Reached XP level 9. HP: 64/69 MP: 9/9
  5253 | D:6      | Found a hazy altar of Hepliaklqana.
  5414 | D:6      | Reached skill level 9 in Axes
  5451 | D:6      | Noticed Maggie
  5463 | D:6      | Killed Maggie
  5642 | D:6      | Found a staircase to the Ecumenical Temple.
  5716 | D:6      | Demolished by an orc warrior

Illustrated notes

Levels and vault maps discovered:
D:1:      dpeg_arrival_morbid_curiosity, layout_basic, kennysheep_another_room,
          wad_floor_pattern_1, hangedman_decor_opposing
D:2:      layout_basic, uniq_jessica, uniq_terence
D:3:      layout_loops_ring, overflow_temple_1_default, trog_eyes_of_draining
D:4:      layout_rooms, uniq_grinder
D:5:      layout_basic, okawaru_ov_weapons_minmay, serial_shops,
          kennysheep_little_box, shop
D:6:      layout_basic, minmay_temple_entry_junction, basic_altar,
          minmay_between, uniq_maggie, uniq_crazy_yiuf_cottage
D:7:      layout_basic, chequers_temple_overflow_minitemple

Skill      XL: |  1  2  3  4  5  6  7  8  9 |
---------------+----------------------------+-----
Axes           | 2 3 4 5 6 8 9 |  9.5
Shields        | 3 4 6 |  6.9
Fighting       | 4 5 6 |  6.4
Armour         | |  2.6
Stealth        | |  0.1

Action                   |  1- 3 |  4- 6 |  7- 9 || total
-------------------------+-------+-------+-------++-------
Melee: War axe           |    97 |   184 |    47 ||   328
       Hand axe          |       |       |   315 ||   315
       Kick              |       |       |    37 ||    37
Invok: Curse Item        |       |       |     2 ||     2
  Use: Scroll            |       |     5 |       ||     5
Armor: Scale mail        |    55 |    66 |       ||   121
       Plate armour      |       |    20 |   304 ||   324
Dodge: Dodged            |    29 |    33 |    49 ||   111
Block: Kite shield       |    49 |    70 |   212 ||   331

Table legend: (Time is in decaauts)
 A = Elapsed time spent in this place.
 B = Non-inter-level travel time spent in this place.
 C = Inter-level travel time spent in this place.
 D = Time resting spent in this place.
 E = Time spent auto-exploring this place.
 F = Levels seen in this place.
 G = Mean time per level.
                   A        B        C        D        E       F      G
               +--------+--------+--------+--------+--------+-----+--------+
         Total |   5837 |   5614 |    223 |    649 |   3724 |   7 |  833.9 |
       Dungeon |   5837 |   5614 |    223 |    649 |   3724 |   7 |  833.9 |
               +--------+--------+--------+--------+--------+-----+--------+

Top non-repeatable levels by time:
     D:2: 1422 daAuts
     D:7: 1183 daAuts
     D:1: 1027 daAuts
     D:3: 912 daAuts
     D:4: 704 daAuts
     D:6: 502 daAuts
     D:5: 85 daAuts
